 Dungeon Crawl Stone Soup version 0.27.0-1-g7a089689b8 (webtiles) character file.

Game seed: 16177916478840127022

53 Malachi the Skirmisher (level 4, -1/29 HPs)
             Began as a Kobold Abyssal Knight on Aug 15, 2021.
             Was a Follower of Lugonu.
             Slain by Terence (3 damage)
             ... on level 3 of the Dungeon.
             The game lasted 00:02:18 (3022 turns).

Malachi the Skirmisher (Kobold Abyssal Knight)      Turns: 3022, Time: 00:02:20

Health: -1/29      AC:  4    Str:  9    XL:     4   Next: 11%
Magic:  5/5        EV: 14    Int: 14    God:    Lugonu [*.....]
Gold:   28         SH:  0    Dex: 14    Spells: 3/3 levels left

rFire    + . .     SeeInvis .   a - +1 short sword (elec)
rCold    + . .     Faith    .   (shield restricted)
rNeg     . . .     Spirit   .   b - +1 leather armour
rPois    +         Reflect  .   (no helmet)
rElec    +         Harm     .   (no cloak)
rCorr    +         Rampage  .   (no gloves)
Will     .....                  (no boots)
Stlth    +++.......             (no amulet)
HPRegen  0.09/turn              (no ring)
MPRegen  0.09/turn              (no ring)

@: resistant
A: small, no large weapons, nightstalker 3
a: Renounce Religion, Depart the Abyss


You were on level 3 of the Dungeon.
You worshipped Lugonu.
Lugonu was aware of your devotion.
You visited 1 branch of the dungeon, and saw 3 of its levels.
You visited the Abyss 1 time.

You collected 28 gold pieces.

Inventory:

Hand Weapons
 a - a +1 short sword of electrocution (weapon)
Missiles
 c - 86 arrows
Armour
 b - a +1 leather armour (worn)
Potions
 d - a potion of might


   Skills:
 + Level 3.9 Fighting
 + Level 3.6 Short Blades
 + Level 1.1 Armour
 + Level 2.9 Dodging
 * Level 1.9 Stealth
 + Level 2.0 Invocations


You had 3 spell levels left.
You didn't know any spells.
Your spell library contained the following spells:

 Spells                   Type           Power      Damage    Failure   Level
 Magic Dart               Conj           0%         1d3       36%         1
 Shock                    Conj/Air       0%         1d3       36%         1
 Call Imp                 Summ           0%         N/A       52%         2
 Mephitic Cloud           Conj/Pois/Air  0%         N/A       75%         3
 Swiftness                Air            0%         N/A       75%         3
 Airstrike                Air            0%         N/A       98%         4


Dungeon Overview and Level Annotations

Branches:
Dungeon (3/15)

Altars:
Gozag

Annotations:
D:3 Terence


Innate Abilities, Weirdness & Mutations

You are small and have problems with some larger weapons.
You are completely attuned to the shadows.


Message History

Terence closely misses you.
You hit Terence but do no damage.
Terence is heavily wounded.
Terence hits you with a +0 flail.
You hit Terence but do no damage.
Terence is heavily wounded.
Terence hits you with a +0 flail!
* * * LOW HITPOINT WARNING * * *
You closely miss Terence.
Terence is heavily wounded.
Terence closely misses you. Terence shouts, "Now you die!"
You hear the slow rusting of a very distant drain.
You aren't carrying any items that you can evoke.
Okay, then.
You hit Terence but do no damage.
Terence is heavily wounded.
Terence misses you.
You hit Terence but do no damage.
Terence is heavily wounded.
Terence completely misses you.
You hit Terence but do no damage.
Terence is heavily wounded.
Terence hits you with a +0 flail.
* * * LOW HITPOINT WARNING * * *
You closely miss Terence.
Terence is heavily wounded.
You hit Terence.
Terence is heavily wounded.
Terence barely misses you.
You hit Terence.
Terence is heavily wounded.
Terence misses you.
You barely miss Terence.
Terence is heavily wounded.
Terence hits you but does no damage.
You closely miss Terence.
Terence is heavily wounded.
Terence hits you with a +0 flail.
You die...

.... #.#
.... #.#
#### #.#
#.# #.#
#.# #.#
#.#######
#..@@...#
######.##
#<# ###


You could see Terence.

Vanquished Creatures
  An adder (D:2)
  A worm (D:2)
  A dart slug (D:2)
  5 ball pythons
  4 bats
  An endoplasm (D:1)
  3 goblins
  6 hobgoblins
  3 jackals (D:1)
  2 kobolds
  2 quokkas (D:2)
  2 frilled lizards (D:1)
  3 rats
34 creatures vanquished.

Notes
Turn   | Place    | Note
-------+----------+-------------------------------------------
     0 | Abyss:1  | Malachi the Kobold Abyssal Knight began the quest for the
                  | Orb.
     0 | Abyss:1  | Reached XP level 1. HP: 14/14 MP: 2/2
    44 | Abyss:1  | Found a corrupted altar of Lugonu.
   113 | Abyss:1  | Noticed a small abomination
   142 | Abyss:1  | Noticed a freezing wraith
   198 | Abyss:2  | Found a corrupted altar of Lugonu.
   198 | Abyss:2  | Noticed an earth elemental
   247 | Abyss:2  | Noticed a skeletal warrior
   250 | Abyss:2  | Noticed an iron imp
   255 | Abyss:2  | Noticed a small abomination
   257 | D:1      | Escaped the Abyss
   420 | D:1      | Reached XP level 2. HP: 11/19 MP: 3/3
  1447 | D:1      | Reached * piety under Lugonu
  1465 | D:1      | Reached XP level 3. HP: 24/24 MP: 4/4
  1475 | D:1      | Found a faded altar of an unknown god.
  1763 | D:1      | Reached skill level 1 in Stealth
  1929 | D:2      | Found an opulent altar of Gozag.
  1961 | D:2      | Reached skill level 1 in Armour
  2413 | D:2      | Reached XP level 4. HP: 20/29 MP: 5/5
  2984 | D:3      | Noticed Terence
  3017 | D:3      | HP: 1/29 [Terence (6)]
  3022 | D:3      | Slain by Terence

Illustrated notes

Levels and vault maps discovered:
D:1:      heliophobic_arrival_glass_houses, layout_basic,
          ebering_ecumenical_altar_hall
D:2:      layout_loops_cross, basic_altar
D:3:      layout_basic, fedhas_altar_2, gup_sewer_entry_pipe, uniq_terence

Skill      XL: |  1  2  3 |
---------------+----------+-----
Short Blades   | 3 |  3.6
Stealth        | 1 |  1.9
Armour         | 1 |  1.1
Fighting       | |  3.9
Dodging        | |  2.9
Invocations    | |  2.0

Action                   |  1- 3 |  4- 6 || total
-------------------------+-------+-------++-------
Melee: Short sword       |    95 |    21 ||   116
Invok: Depart the Abyss  |     1 |       ||     1
  Use: Scroll            |     3 |       ||     3
       Potion            |       |     1 ||     1
 Stab: Sleeping          |     9 |     2 ||    11
Armor: Leather armour    |    18 |     1 ||    19
Dodge: Dodged            |    78 |     9 ||    87
